 Dungeon Crawl Stone Soup version 0.32-a0-450-g080537f31e (webtiles) character file.

Game seed: 5405993769266387625

2361 retardedninja the Chopper (level 9, 0/118 HPs)
             Began as a Mountain Dwarf Fighter on Feb 23, 2024.
             Was an Initiate of Cheibriados.
             Slain by an ice beast (13 damage)
             ... on level 7 of the Dungeon.
             The game lasted 00:11:40 (7148 turns).

retardedninja the Chopper (Mountain Dwarf Fighter)  Turns: 7148, Time: 00:11:40

Health: 0/118      AC: 14    Str: 24    XL:     9   Next: 21%
Magic:  9/9        EV:  8    Int: 10    God:    Cheibriados [......]
Gold:   424        SH:  5    Dex: 10    Spells: 8/8 levels left

rFire   . . .        q - +0 broad axe
rCold   . . .        c - +0 buckler
rNeg    . . .        m - +0 chain mail
rPois   .            h - +0 helmet
rElec   .            (no cloak)
rCorr   .            p - +0 pair of gloves
SInv    .            C - +0 pair of boots
Will    .....        (no amulet) Stlth
                     e - +4 ring of slaying
HPRegen 0.39/turn    (no ring)
MPRegen 0.11/turn

%: no passive effects
@: mighty, berserking, very slow
A: runic magic, artefact enchanting
a: Renounce Religion


You were on level 7 of the Dungeon.
You worshipped Cheibriados.
Cheibriados was noncommittal.
You visited 2 branches of the dungeon, and saw 8 of its levels.
You also visited: Sewer.

You collected 424 gold pieces.

Inventory:

Hand Weapons
 q - a +0 broad axe (weapon)
Armour
 c - a +0 buckler (worn)
 h - a +0 helmet (worn)
 k - a scarf of harm
 m - a +0 chain mail (worn)
 p - a +0 pair of gloves (worn)
 C - a +0 pair of boots (worn)
Jewellery
 e - a +4 ring of slaying (left hand)
 z - an amulet of faith
Wands
 A - a wand of charming (6)
 B - a wand of iceblast (11)
Scrolls
 g - a scroll of fog {unknown}
 i - 2 scrolls of teleportation {unknown}
 l - a scroll of amnesia {unknown}
 o - 2 scrolls of revelation {unknown}
 r - 2 scrolls of fear {unknown}
 s - 2 scrolls of enchant weapon {unknown}
 u - a scroll of acquirement {unknown}
 y - a scroll of noise {unknown}
 D - a scroll of identify
 E - a scroll of vulnerability {unknown}
 F - a scroll of torment {unknown}
Potions
 d - 2 potions of might
 f - a potion of enlightenment
 n - 2 potions of curing
 t - 2 potions of haste
 v - a potion of brilliance
 w - a potion of degeneration
 x - 2 potions of resistance


   Skills:
 + Level 7.5 Fighting
 + Level 7.7 Axes
 + Level 7.5 Armour
 + Level 7.5 Shields


You had 8 spell levels left.
You didn't know any spells.
Your spell library contained the following spells:

 Spells                   Type           Power      Damage    Failure   Level
 Apportation              Tloc           0%         N/A       54%         1
 Freeze                   Ice            0%         1d3       54%         1
 Necrotise                Necr           0%         1d4       54%         1
 Sting                    Conj/Alch      0%         1d3       54%         1
 Summon Small Mammal      Summ           0%         N/A       54%         1
 Blink                    Tloc           0%         N/A       69%         2
 Cigotuvi's Dreadful Rot  Necr/Alch/Air  0%         N/A       69%         2
 Ensorcelled Hibernation  Hex/Ice        0%         N/A       69%         2
 Lesser Beckoning         Tloc           0%         N/A       69%         2
 Momentum Strike          Conj/Tloc      0%         3d8       69%         2
 Dazzling Flash           Conj/Hex       0%         N/A       89%         3
 Frozen Ramparts          Ice            0%         1d1       89%         3
 Hailstorm                Conj/Ice       0%         3d5       89%         3
 Mephitic Cloud           Conj/Alch/Air  0%         N/A       89%         3
 Passwall                 Erth           0%         N/A       89%         3
 Swiftness                Air            0%         N/A       89%         3
 Ignite Poison            Fire/Alch      0%         N/A       100%        4
 Curse of Agony           Necr           0%         N/A       100%        5
 Freezing Cloud           Conj/Ice/Air   0%         6-21      100%        5
 Silence                  Hex/Air        0%         N/A       100%        5
 Summon Forest            Summ/Tloc      0%         N/A       100%        5
 Summon Mana Viper        Hex/Summ       0%         N/A       100%        5
 Summon Cactus Giant      Summ           0%         N/A       100%        6


Dungeon Overview and Level Annotations

Branches:
Dungeon (7/15)             Temple (1/1) D:6           Sewer (visited)

Altars:
Ashenzari
Cheibriados
Dithmenos
Elyvilon
Fedhas
Gozag
Hepliaklqana
Kikubaaqudgha
Makhleb
Nemelex Xobeh
Okawaru
Qazlal
Ru
Sif Muna
Trog
Uskayaw
Vehumet
Wu Jian
Zin
The Shining One

Shops:
D:3 [

Annotations:
D:6 3 runed translucent doors, pokeman's ghost, novice DEHW
D:7 Maggie


Innate Abilities, Weirdness & Mutations

Your spellcasting is much less encumbered by armour.
You can use scrolls of enchantment on lesser artefacts.


Message History

You closely miss Maggie.
Maggie is moderately wounded.
You feel less invigorated.
You feel less confused. Maggie closely misses you.
You slice Maggie!!
Maggie is severely wounded.
Maggie hits you with a +2 halberd of pain.
You writhe in agony.
* * * LOW HITPOINT WARNING * * *
You hit Maggie.
Maggie is severely wounded.
Maggie hits you but does no damage. Maggie barely misses you.
You slash Maggie!
Maggie is almost dead.
Maggie hits you with a +2 halberd of pain!
* * * LOW HITPOINT WARNING * * *
You feel very mighty all of a sudden.
You flicker for a moment.
Maggie gestures wildly while chanting.
You feel better.
Maggie hits you with a +2 halberd of pain!
* * * LOW HITPOINT WARNING * * *
Unknown command.
A red film seems to cover your vision as you go berserk!
Cheibriados forces you to slow down.
You feel mighty! The ice beast closely misses you.
Maggie hits you with a +2 halberd of pain.
* * * LOW HITPOINT WARNING * * *
You slash the ice beast!
The ice beast is heavily wounded.
You barely miss Maggie. The ice beast barely misses you.
You catch the helpless ice beast completely off-guard!
You hit the ice beast.
The ice beast is heavily wounded.
You flicker back into view.
The ice beast hits you.
* * * LOW HITPOINT WARNING * * *
The ice beast freezes you!
You die...
Cheibriados appreciates the motionlessness of death.

### ####...
##.....# ##......#
#.......#
#@......#
#.......#
#Y@.....#
####.......#
......#......# #.
##.##.#......# ...
#..$.....# #####
#.#####........#
#...#
.#.............!#
#...#
..#.............#
#...#
....Y...........##
##...#


You could see Maggie and an ice beast.

Vanquished Creatures
  Eustachio (D:4)
  Menkaure (D:7)
  A water moccasin (D:4)
  An ice beast (D:7)
  4 ogres
  A black bear (D:6)
  The ghost of Findleman the Trooper, an amateur GrFi (D:3)
  A phantom (D:4)
  2 brain worms (Sewer)
  3 kobold brigands (Sewer)
  A scorpion (D:7)
  A bombardier beetle (D:5)
  An orc priest (D:4)
  4 jellies
  5 hounds
  5 iguanas
  A sleepcap (D:5)
  6 orc wizards
  4 gnolls (D:4)
  6 adders
  3 river rats (Sewer)
  2 shadow imps
  A dart slug (D:1)
  2 ribbon worms
  12 orcs
  8 ball pythons
  18 endoplasms
  3 giant cockroaches
  7 hobgoblins
  16 jackals
  16 kobolds
  2 quokkas (D:5)
  10 bats
  9 frilled lizards
  9 goblins
  14 rats
182 creatures vanquished.

Notes
Turn   | Place    | Note
-------+----------+-------------------------------------------
     0 | D:1      | retardedninja the Mountain Dwarf Fighter began the quest
                  | for the Orb.
     0 | D:1      | Reached XP level 1. HP: 19/19 MP: 1/1
   106 | D:1      | Reached XP level 2. HP: 23/26 MP: 2/2
   348 | D:1      | Reached XP level 3. HP: 15/33 MP: 3/3
  1020 | D:2      | Reached XP level 4. HP: 40/40 MP: 4/4
  1204 | D:2      | Found a faded altar of an unknown god.
  1610 | D:3      | Found a glowing drain.
  1633 | Sewer    | Entered a sewer
  1834 | Sewer    | Noticed a kobold brigand
  1836 | Sewer    | Reached XP level 5. HP: 41/46 MP: 5/5
  2012 | Sewer    | Reached XP level 6. HP: 53/53 MP: 6/6
  2134 | Sewer    | Reached skill level 5 in Fighting
  2134 | Sewer    | Reached skill level 5 in Armour
  2134 | Sewer    | Reached skill level 5 in Shields
  2820 | D:3      | Reached skill level 5 in Axes
  2820 | D:3      | Reached XP level 7. HP: 21/61 MP: 7/7
  2977 | D:3      | Found Cism's Armour Emporium.
  3162 | D:3      | Found a runed translucent gate.
  3162 | D:3      | Noticed Findleman's ghost (amateur GrFi)
  3164 | D:3      | Found a runed translucent gate.
  3165 | D:3      | Found a runed translucent gate.
  3550 | D:3      | Killed Findleman's ghost
  4508 | D:4      | Noticed Eustachio
  4519 | D:4      | Killed Eustachio
  4520 | D:4      | Reached XP level 8. HP: 67/70 MP: 8/8
  5050 | D:5      | Entered Level 5 of the Dungeon
  6423 | D:6      | Found a staircase to the Ecumenical Temple.
  6538 | Temple   | Entered the Ecumenical Temple
  6571 | Temple   | Became a worshipper of Cheibriados the Contemplative
  6663 | D:6      | Found a runed translucent gate.
  6664 | D:6      | Found a runed translucent gate.
  6664 | D:6      | Noticed pokeman's ghost (novice DEHW)
  6665 | D:6      | Found a runed translucent gate.
  6738 | D:6      | Reached XP level 9. HP: 72/79 MP: 9/9
  7121 | D:7      | Noticed Menkaure
  7124 | D:7      | Noticed Maggie
  7129 | D:7      | Killed Menkaure
  7148 | D:7      | Slain by an ice beast

Illustrated notes

Levels and vault maps discovered:
D:1:      tarquinn_simple_flora_water_a, layout_basic
D:2:      wad_river_or_something, layout_basic,
          chequers_ecumenical_altar_simple_redux, minmay_cut_off
D:3:      cheibrodos_fertilizer, layout_rooms, cheibrodos_sewer_entry_bend,
          serial_shops, nicolae_shop_tiny_waterfront, gammafunk_ghost_split,
          roderic_malta_cross, glass_columns_b
D:4:      layout_loops_ring, serial_park_tiny_2, uniq_eustachio
D:5:      layout_basic
D:6:      layout_loops_cross, minmay_temple_entry_poolview,
          gammafunk_ghost_split
D:7:      nzn_winding_woodlands_stair_cross [nzn_winding_woodlands_5x15_parted,
          nzn_winding_woodlands_center_triple_pond,
          nzn_winding_woodlands_5x15_split_checker,
          nzn_winding_woodlands_5x5_open_star, nzn_winding_woodlands_5x5_three,
          nzn_winding_woodlands_5x15_garden, nzn_winding_woodlands_center_lodge,
          nzn_winding_woodlands_5x15_river_crossing], layout_rooms,
          serial_library, serial_library_regret_index_small_wings,
          serial_library_hellmonk_statue_hall,
          serial_library_hellmonk_recessed_alcove,
          serial_library_hellmonk_open_cross,
          serial_library_hellmonk_open_cross,
          serial_library_hellmonk_reading_circle,
          serial_library_hellmonk_small_alcove, uniq_maggie, uniq_menkaure,
          uniq_crazy_yiuf_cottage
Temple:   mainiacjoe_temple_cubbyholes

Skill      XL: |  1  2  3  4  5  6  7  8 |
---------------+-------------------------+-----
Axes           | 3 4 5 6 7 |  7.7
Shields        | 4 5 6 7 |  7.5
Armour         | 4 5 6 7 |  7.5
Fighting       | 4 5 6 7 |  7.5

Action                     |  1- 3 |  4- 6 |  7- 9 || total
---------------------------+-------+-------+-------++-------
  Melee: War axe           |   104 |       |       ||   104
         Broad axe         |       |   160 |   244 ||   404
  Evoke: Wand              |       |       |     2 ||     2
    Use: Potion            |       |     2 |     8 ||    10
         Scroll            |       |       |     7 ||     7
   Stab: Invisible         |       |       |     4 ||     4
 Armour: Scale mail        |    79 |    99 |    39 ||   217
         Chain mail        |       |       |   172 ||   172
  Dodge: Dodged            |    64 |    64 |    99 ||   227
  Block: Buckler           |    16 |    31 |    50 ||    97

Table legend: (Time is in decaauts)
 A = Elapsed time spent in this place.
 B = Non-inter-level travel time spent in this place.
 C = Inter-level travel time spent in this place.
 D = Time resting spent in this place.
 E = Time spent auto-exploring this place.
 F = Levels seen in this place.
 G = Mean time per level.
                   A        B        C        D        E       F      G
               +--------+--------+--------+--------+--------+-----+--------+
         Total |   7659 |   7325 |    334 |    456 |   5289 |   9 |  851.0 |
       Dungeon |   6228 |   5965 |    263 |    456 |   4367 |   7 |  889.7 |
        Temple |     73 |      3 |     70 |      0 |      0 |   1 |   73.0 |
         Sewer |   1357 |   1357 |      0 |      0 |    922 |   1 | 1357.0 |
               +--------+--------+--------+--------+--------+-----+--------+

Top non-repeatable levels by time:
     D:3: 1548 daAuts
   Sewer: 1357 daAuts
     D:5: 1025 daAuts
     D:4: 931 daAuts
     D:2: 845 daAuts
     D:6: 800 daAuts
     D:1: 727 daAuts
     D:7: 348 daAuts
  Temple: 73 daAuts
